 Dungeon Crawl Stone Soup version 0.15-a0-1119-g9b3a599 (webtiles) character file.

110751 Herrn the Martial Artist (level 16, -7/77 HPs)
             Began as a Vine Stalker Transmuter on May 27, 2014.
             Was the Champion of Cheibriados.
             Mangled by a deep troll (9 damage)
             ... on Level 1 of the Depths on May 29, 2014.
             The game lasted 03:07:53 (25816 turns).

Herrn the Martial Artist (Vine Stalker Transmuter) Turns: 25816, Time: 03:07:54

HP  -7/77        AC 23     Str 34      XL: 16   Next: 55%
MP   0/44        EV 23     Int 28      God: Cheibriados [******]
Gold 2265        SH 20     Dex 36      Spells:  7 memorised, 11 levels left

rFire  + . .     SeeInvis .       - Unarmed
rCold  + . .     Clarity  .     I - +8 scale mail of the Lute {Acc+4}
rNeg   . . .     rCorr    .     k - +1 buckler
rPois  +         rRot     +     (helmet restricted)
rElec  .         Spirit   +     s - +1 cloak
SustAb .         Warding  .     j - +2 pair of gloves {Str+3}
rMut   .         Rnd*Tele +     S - +1 pair of boots
Gourm  .                        (no amulet)
MR     ++...                    b - ring "Geapiar" {rC+ MP+9}
                                F - ring of poison resistance

@: appendage, very slow, very resistant to hostile enchantments, very unstealthy
A: fangs 3, horns 2, agile 1, fire resistance 1, fast metabolism 1, frail 1,
regeneration 3, teleportitis 1, magic shield, antimagic bite, no device heal 3,
rot immunity
a: End Transformation, Bend Time, Temporal Distortion, Slouch, Step From Time,
Renounce Religion


You were on level 1 of the Depths.
You worshipped Cheibriados.
Cheibriados was exalted by your worship.
You were not hungry.
You had grown temporary horns.
You visited 5 branches of the dungeon, and saw 29 of its levels.
You also visited: Labyrinth and Sewer.

You collected 2740 gold pieces.
You spent 475 gold pieces at shops.

Inventory:

Armour
 j - a +2 pair of gloves of strength (worn)
 k - a +1 buckler (worn)
 s - a +1 cloak (worn)
 I - the +8 scale mail of the Lute (worn) {Acc+4}
   (You took it off a minotaur in a labyrinth)

   It affects your accuracy with ranged weapons and melee attacks (+4).
 Q - a +0 shield
 S - a +1 pair of boots (worn)
Magical devices
 t - a wand of digging (12)
Comestibles
 a - 16 bread rations
 h - 4 chunks of deep troll flesh
 i - 6 meat rations
 m - 5 fruits
 w - a royal jelly
 V - 3 beef jerkies
Scrolls
 u - 6 scrolls of enchant weapon II
 v - 11 scrolls of identify
 z - a scroll of enchant weapon III
 E - 5 scrolls of remove curse
 J - 5 scrolls of enchant weapon I
 K - a scroll of summoning
 O - a scroll of silence
 P - a scroll of holy word
 X - 2 scrolls of recharging
Jewellery
 b - the ring "Geapiar" (right hand) {rC+ MP+9}
   (You found it on level 5 of the Lair of Beasts)

   [ring of magical power]

   It protects you from cold.
   It affects your magic capacity (+9).
 g - an uncursed ring of positive energy
 F - a ring of poison resistance (left hand)
 G - an uncursed ring of positive energy
 L - an uncursed ring of sustain abilities
 M - the ring "Baow" {MR+ Str+2 Dex-4}
   (You bought it in a shop on level 13 of the Dungeon)

   [ring of protection from magic]

   It affects your strength (+2).
   It affects your dexterity (-4).
   It affects your resistance to hostile enchantments.
 Y - an uncursed ring of flight
 Z - an uncursed ring of protection from fire
Potions
 c - a potion of agility
 f - 13 potions of curing
 o - 5 potions of brilliance
 p - 2 potions of resistance
 q - a potion of magic
 C - a potion of invisibility
 D - 2 potions of porridge
 T - a potion of restore abilities
 U - 4 potions of might
Books
 d - a book of Changes

   Spells                             Type                      Level
   *Beastly Appendage                 Transmutation                1
   Sticks to Snakes                   Transmutation                2
   Spider Form                        Transmutation/Poison         3
   Ice Form                           Ice/Transmutation            4
   *Blade Hands                       Transmutation                5
 l - a book of Geomancy

   Spells                             Type                      Level
   Sandblast                          Earth                        1
   Stoneskin                          Transmutation/Earth          2
   *Passwall                          Transmutation/Earth          3
   Stone Arrow                        Conjuration/Earth            3
   *Petrify                           Transmutation/Earth          4
   *Lee's Rapid Deconstruction        Earth                        5
 x - a book of Control

   Spells                             Type                      Level
   Control Teleport                   Charms/Translocation         4
   Control Undead                     Necromancy                   4
   Enslavement                        Hexes                        4
   Metabolic Englaciation             Hexes/Ice                    5
   Mass Confusion                     Hexes                        6
 y - a book of Death

   Spells                             Type                      Level
   Corpse Rot                         Necromancy                   2
   Sublimation of Blood               Necromancy                   2
   Agony                              Necromancy                   5
   Dispel Undead                      Necromancy                   5
   Excruciating Wounds                Charms/Necromancy            5
   Bolt of Draining                   Conjuration/Necromancy       5
 B - a Young Poisoner's Handbook

   Spells                             Type                      Level
   Sting                              Conjuration/Poison           1
   Cure Poison                        Poison                       2
   Mephitic Cloud                     Conjuration/Poison/Air       3
   Olgreb's Toxic Radiance            Poison                       4
   Venom Bolt                         Conjuration/Poison           5
 H - a book of the Dragon

   Spells                             Type                      Level
   Flight                             Charms/Air                   3
   Cause Fear                         Hexes                        4
   Bolt of Fire                       Conjuration/Fire             6
   *Dragon Form                       Transmutation                7
   Dragon's Call                      Summoning                    9
 N - a book of Clouds

   Spells                             Type                      Level
   Mephitic Cloud                     Conjuration/Poison/Air       3
   Conjure Flame                      Conjuration/Fire             3
   Poisonous Cloud                    Conjuration/Poison/Air       6
   Freezing Cloud                     Conjuration/Ice/Air          6
   Ring of Flames                     Charms/Fire                  7
 R - a book of Hinderance

   Spells                             Type                      Level
   Confusing Touch                    Hexes                        1
   Confuse                            Hexes                        3
   *Petrify                           Transmutation/Earth          4
   Leda's Liquefaction                Hexes/Earth                  4
   Metabolic Englaciation             Hexes/Ice                    5
   Summon Mana Viper                  Hexes/Summoning              5
 W - a book of Minor Magic

   Spells                             Type                      Level
   Magic Dart                         Conjuration                  1
   *Blink                             Translocation                2
   Call Imp                           Summoning                    2
   Repel Missiles                     Charms/Air                   2
   Slow                               Hexes                        2
   Conjure Flame                      Conjuration/Fire             3
   Mephitic Cloud                     Conjuration/Poison/Air       3
Miscellaneous
 A - a phial of floods
Rods
 n - a cursed +5 rod of shadows (12/12)
   (You took it off a minotaur in a labyrinth)


   Skills:
 * Level 10.6 Fighting
 * Level 6.3 Armour
 + Level 10.3 Dodging
 * Level 10.0 Shields
 * Level 13.7 Unarmed Combat
 * Level 11.5 Spellcasting
 * Level 2.4 Translocations
 * Level 10.5 Transmutations
 * Level 2.4 Earth Magic


You had 11 spell levels left.
You knew the following spells:

 Your Spells              Type           Power        Failure   Level  Hunger
a - Beastly Appendage     Trmt           ######       1%          1    None
b - Blade Hands           Trmt           ######....   1%          5    ##.....
c - Blink                 Tloc           N/A          2%          2    None
d - Dragon Form           Trmt           ######....   63%         7    ######.
e - Petrify               Trmt/Erth      ######..     3%          4    None
f - Passwall              Trmt/Erth      ######....   1%          3    None
g - Lee's Rapid Deconstr  Erth           ####......   54%         5    ##.....


Dungeon Overview and Level Annotations

Branches:
Dungeon (15/15)            Temple (1/1) D:4             Orc (4/4) D:9
    Elf (0/3) Orc:4          Lair (8/8) D:8          Shoals (0/5) Lair:5
 Spider (0/5) Lair:6        Slime (0/6) Lair:6       Vaults (0/5) D:13
 Depths (1/5) D:15

Altars:
Cheibriados
Dithmenos
Elyvilon
Fedhas
Gozag
Makhleb
Okawaru
Sif Muna
Trog
Xom
Yredelemnul
Zin
The Shining One
Beogh

Shops:
D:13 *   Orc:4 (}:!

Portals:
Trove: D:15 (give 2 scrolls of acquirement)

Annotations:
D:4 Eustachio
Lair:3 exclusion: oklob plant


Innate Abilities, Weirdness & Mutations

You have razor-sharp teeth.*
You regenerate.
When hurt, damage is shared between your health and your magic reserves.
Your bite disrupts and absorbs the magic of your enemies.*
Potions and wands cannot restore your health.
You are immune to rotting.
You have a pair of horns on your head.*
You are agile. (Dex +2)
Your flesh is heat resistant.*
You have a fast metabolism.
You are frail (-10% HP).
Space occasionally distorts in your vicinity.


Message History

The deep troll shaman barely misses you.
The deep troll shaman claws you but does no damage.
You see here a deep troll corpse.
Unknown command.
You punch the deep troll shaman!
Your headbutt misses the deep troll shaman.
You bite the deep troll shaman!! You drain its power.
You feel invigorated.
The deep troll shaman is almost dead.
The deep troll closely misses you. x2
You block the deep troll's attack.
The deep troll shaman mumbles some strange prayers to its god.
The deep troll shaman is healed somewhat.
Your scale mail of the Lute prevents you from hitting the deep troll shaman.
You headbutt the deep troll shaman. You bite the deep troll shaman!
You drain its power.
You feel invigorated.
You kill the deep troll shaman!
Cheibriados thoroughly appreciates the change of pace.
The deep troll closely misses you. The deep troll completely misses you.
The deep troll claws you!!
You die...

#.......#*,,,* *,
#.8.8.8.#,.,,** **
#########.......#.#,,,****
#.......%<........#,,,,,,,
#########.......### ,,,,,,
#.8.8.8.#, ,,,,,,,
#.......#,,,,,,,*,
***#.#######,,,,,,,*, *
*#@#,,,,,,,,,,**,*,
*#..%T.......,, , ,*,
#.....:...., ,,,,,,*
##.........,***,*,,,
**..........,*** *,*,
**,,..........,,,*,,,,,,
***,,,.........,*,****,,,,
***,,,,.........,* * **,,,
*,,,,,,,,,...,,,,****
***,,


You could see a deep troll.

Vanquished Creatures
  Rupert (D:13)
  Frances (D:15)
  A frost giant (D:15)
  Donald (D:13)
  Snorg (D:15)
  A minotaur (Lab)
  An ice dragon (Depths:1)
  7 hydras
  Harold (D:11)
  A rakshasa (D:15)
  2 deep troll earth magi (Depths:1)
  8 death yaks
  2 deep troll shamans (Depths:1)
  3 orc high priests (Orc:4)
  A centaur warrior (D:15)
  Nergalle (Lair:2)
  6 skeletal warriors (D:13)
  7 deep trolls (Depths:1)
  A necromancer (D:13)
  4 unseen horrors
  Pikel (D:8)
  4 hill giants
  6 orc knights
  Joseph (D:8)
  A griffon (Lair:8)
  A red wasp (shapeshifter) (Depths:1)
  2 cyclopes
  2 mermaids (Lair:5)
  A sixfirhy (Orc:4)
  4 orc sorcerers (Orc:4)
  Maurice (Orc:1)
  10 elephants
  4 black mambas
  Psyche (D:8)
  17 spiny frogs
  5 gargoyles
  12 komodo dragons
  A redback zombie (D:15)
  A centaur zombie (D:14)
  A spriggan druid (Lair:8)
  6 trolls
  A hydra zombie (D:11)
  8 giant fireflies (Lair:8)
  A freezing wraith (D:15)
  8 blink frogs
  A tengu conjurer (D:14)
  Prince Ribbit (D:6)
  3 two-headed ogres
  A fire vortex (Orc:3)
  6 polar bears
  A wind drake (shapeshifter) (D:15)
  4 deep elf magi
  4 basilisks
  4 ravens (D:14)
  A trapdoor spider (D:11)
  2 water elementals
  16 spriggans
  7 sharks
  A shadow (D:13)
  3 elephant slugs
  30 ugly things
  9 deep elf fighters (D:14)
  A spriggan (shapeshifter) (D:15)
  14 humans (D:13)
  A hungry ghost (D:9)
  41 yaks
  3 wyverns
  6 vampire mosquitoes
  14 hippogriffs
  16 wolves (Lair:8)
  Edmund (D:4)
  2 soldier ants (D:12)
  Menkaure (D:6)
  2 hill giant skeletons
  4 wargs (Orc:3)
  10 porcupines
  A mottled dragon (D:12)
  8 sky beasts
  2 necrophages
  8 spiders (Lair:6)
  13 water moccasins
  An ice beast (D:11)
  8 black bears
  26 orc warriors
  6 ogres
  A swamp drake (D:9)
  3 yellow wasps
  3 phantoms
  A hill giant simulacrum (D:11)
  12 crocodiles
  A lava worm (Orc:3)
  Duvessa (D:7)
  A boring beetle (Lair:7)
  8 centaurs
  3 big kobolds
  9 giant slugs
  5 gnoll sergeants (D:10)
  Blork the orc (D:7)
  A brain worm (D:11)
  A cyclops zombie (D:15)
  A komodo dragon zombie (D:13)
  10 giant frogs
  A cyclops skeleton (D:11)
  8 scorpions
  A wyvern skeleton (D:11)
  41 killer bees
  A yak skeleton (D:9)
  7 electric eels
  A hippogriff skeleton (D:11)
  4 goliath beetles
  Dowan (D:7)
  6 crimson imps
  13 jellies
  8 hounds
  A gnoll shaman (D:10)
  A quasit (D:5)
  22 orc priests
  6 big fish
  23 orc wizards
  7 worker ants
  4 iguanas
  21 sheep
  Ijyb (D:4)
  Terence (D:3)
  A worker ant zombie (D:5)
  29 adders
  A brain worm simulacrum (D:11)
  24 gnolls
  70 green rats
  A scorpion zombie (D:9)
  5 shadow imps
  2 giant mites
  An inept feature mimic (D:4)
  A white imp (D:11)
  9 worms
  A goliath beetle zombie (D:8)
  An ufetubus (D:4)
  An iguana skeleton (D:8)
  6 giant geckos
  5 oozes
  152 orcs
  5 ball pythons
  25 bats
  A bat skeleton (D:6)
  5 giant cockroaches
  20 hobgoblins
  19 kobolds
  16 quokkas
  A giant gecko skeleton (D:6)
  3 giant newts
  14 goblins
  51 jackals
  A kobold zombie (D:5)
  2 orc skeletons (D:9)
  4 orc zombies
  2 quokka skeletons
  25 rats
  A rat skeleton (D:8)
  A rat zombie (D:6)
  15 ballistomycetes
  6 fungi
  A plant (Lair:3)
1203 creatures vanquished.

Vanquished Creatures (others)
  A black mamba (Lair:6)
  A deep elf fighter (D:14)
  2 slaves (D:8)
  An orc wizard (Orc:4)
  An adder (Lair:6)
  A giant mite (Lair:6)
  An ufetubus (D:15)
  An orc (D:9)
  A bat (D:8)
  A jackal (D:10)
  2 giant spores
  A ballistomycete (D:11)
  16 fungi
30 creatures vanquished.

Grand Total: 1233 creatures vanquished

Notes
Turn   | Place    | Note
--------------------------------------------------------------
     0 | D:1      | Herrn, the Vine Stalker Transmuter, began the quest for the Orb.
     0 | D:1      | Reached XP level 1. HP: 9/9 MP: 3/3
   171 | D:1      | Reached skill level 1 in Fighting
   171 | D:1      | Reached XP level 2. HP: 12/14 MP: 5/5
   579 | D:2      | Reached XP level 3. HP: 1/18 MP: 2/7
   668 | D:2      | Reached skill level 4 in Unarmed Combat
   795 | D:2      | Found a blossoming altar of Fedhas.
   837 | D:2      | Reached XP level 4. HP: 11/22 MP: 5/9
  1503 | D:3      | Noticed an ogre
  1609 | D:3      | Noticed Terence
  1622 | D:3      | Killed Terence
  1624 | D:3      | Reached XP level 5. HP: 15/26 MP: 7/11
  1907 | D:3      | Found a glowing drain.
  1914 | Sewer    | Entered a sewer
  1947 | Sewer    | Reached skill level 1 in Shields
  1947 | Sewer    | Gained mutation: You heal very quickly. [vine stalker growth]
  1947 | Sewer    | Reached XP level 6. HP: 30/30 MP: 12/14
  2549 | Sewer    | Learned a level 5 spell: Blade Hands
  2728 | D:3      | Reached XP level 7. HP: 35/35 MP: 15/17
  2875 | D:3      | Killed an ogre
  2875 | D:3      | Reached skill level 5 in Unarmed Combat
  3045 | D:4      | Noticed Eustachio
  3058 | D:4      | Noticed Edmund
  3094 | D:4      | Killed Edmund
  3647 | D:4      | Noticed Ijyb
  3663 | D:4      | Killed Ijyb
  3738 | D:4      | Found a glowing golden altar of the Shining One.
  3893 | D:4      | Found a staircase to the Ecumenical Temple.
  3906 | Temple   | Entered the Ecumenical Temple
  3924 | Temple   | Became a worshipper of Cheibriados the Contemplative
  4071 | D:5      | Entered Level 5 of the Dungeon
  4110 | D:5      | Gained mutation: You have razor-sharp teeth. [vine stalker growth]
  4110 | D:5      | Reached XP level 8. HP: 35/40 MP: 20/20
  4314 | D:5      | Found an opulent altar of Gozag.
  4719 | D:6      | Found a bloodstained altar of Trog.
  4760 | D:6      | Found an iron altar of Okawaru.
  4788 | D:6      | Reached skill level 6 in Unarmed Combat
  4788 | D:6      | Reached skill level 5 in Spellcasting
  4947 | D:6      | Noticed Menkaure
  4962 | D:6      | Killed Menkaure
  5409 | D:6      | Noticed Prince Ribbit
  5422 | D:6      | Killed Prince Ribbit
  5422 | D:6      | Reached XP level 9. HP: 45/45 MP: 23/23
  5488 | D:7      | Noticed Blork the orc
  5504 | D:7      | Killed Blork the orc
  5588 | D:7      | Noticed Dowan
  5691 | D:7      | Killed Dowan
  5701 | D:7      | Noticed Duvessa
  5710 | D:7      | Killed Duvessa
  6032 | D:8      | Reached skill level 7 in Unarmed Combat
  6100 | D:8      | Noticed Pikel
  6110 | D:8      | Killed Pikel
  6110 | D:8      | Reached skill level 5 in Transmutations
  6182 | D:8      | Found a staircase to the Lair.
  6252 | D:8      | Noticed Joseph
  6264 | D:8      | Killed Joseph
  6264 | D:8      | Reached XP level 10. HP: 39/51 MP: 24/25
  6289 | D:8      | Noticed Psyche
  6297 | D:8      | Killed Psyche
  6297 | D:8      | Reached skill level 5 in Fighting
  6499 | D:9      | Acquired Cheibriados' first power
  6518 | D:9      | Reached skill level 8 in Unarmed Combat
  6801 | D:9      | Noticed a hill giant
  6807 | D:9      | Killed a hill giant
  6807 | D:9      | Acquired Cheibriados' second power
  6807 | D:9      | Reached skill level 5 in Dodging
  6871 | D:9      | Found a staircase to the Orcish Mines.
  7000 | D:9      | Reached skill level 5 in Shields
  7038 | D:9      | Reached XP level 11. HP: 45/56 MP: 22/28
  7359 | D:10     | Entered Level 10 of the Dungeon
  7365 | D:10     | Acquired Cheibriados' third power
  8145 | D:10     | Reached skill level 9 in Unarmed Combat
  8901 | D:11     | Noticed Harold
  8907 | D:11     | Killed Harold
  9027 | D:11     | HP: 1/58 [hill giant simulacrum (17)]
  9268 | Lair:1   | Entered Level 1 of the Lair of Beasts
  9305 | Lair:1   | Learned a level 2 spell: Blink
  9534 | Lair:1   | Gained mutation: You regenerate. [vine stalker growth]
  9534 | Lair:1   | Reached XP level 12. HP: 62/62 MP: 30/30
  9575 | Lair:1   | Noticed a seven-headed hydra
  9737 | Lair:1   | Gained mutation: Your flesh is heat resistant. [potion of mutation]
  9737 | Lair:1   | Gained mutation: You have a fast metabolism. [potion of mutation]
  9737 | Lair:1   | Gained mutation: Space occasionally distorts in your vicinity. [potion of mutation]
  9799 | Lair:1   | Killed a nine-headed hydra
 10487 | Lair:2   | Noticed Nergalle
 10500 | Lair:2   | Killed Nergalle
 10500 | Lair:2   | Reached skill level 10 in Unarmed Combat
 10895 | Lair:2   | Noticed a six-headed hydra
 10901 | Lair:2   | Killed a six-headed hydra
 11090 | Lair:2   | Reached skill level 1 in Armour
 11485 | Lair:3   | Noticed a seven-headed hydra
 11492 | Lair:3   | Killed a seven-headed hydra
 11717 | Lair:3   | Got a pitted long sword
 12005 | Lair:3   | Found a blossoming altar of Fedhas.
 12048 | Lair:3   | Noticed a seven-headed hydra
 12057 | Lair:3   | Killed a seven-headed hydra
 12057 | Lair:3   | Reached XP level 13. HP: 48/68 MP: 23/31
 12395 | Lair:4   | Identified the cursed +0,-1 long sword of Mana {slice, MR+ SInv} (You found it on level 3 of the Lair of Beasts)
 13129 | Lair:5   | Got a transparent platinum ring
 13131 | Lair:5   | Identified the ring "Geapiar" {rC+ MP+9} (You found it on level 5 of the Lair of Beasts)
 13486 | Lair:5   | Found a staircase to the Shoals.
 13878 | Lair:6   | Reached skill level 11 in Unarmed Combat
 13995 | Lair:6   | Found a hole to the Spider Nest.
 14180 | Lair:6   | Found a staircase to the Slime Pits.
 14452 | Lair:6   | Got a faintly humming ring mail
 14463 | Lair:6   | Identified the +1 ring mail of the Moon {Str-1 Int+2} (You found it on level 6 of the Lair of Beasts)
 14813 | Lair:7   | Reached skill level 10 in Spellcasting
 14915 | Lair:7   | Reached XP level 14. HP: 50/74 MP: 33/33
 15674 | Lair:8   | Entered Level 8 of the Lair of Beasts
 16189 | Lair:8   | Learned a level 7 spell: Dragon Form
 16426 | Lair:8   | Reached skill level 12 in Unarmed Combat
 17635 | Orc:1    | Entered Level 1 of the Orcish Mines
 17635 | Orc:1    | Noticed Maurice
 17652 | Orc:1    | Killed Maurice
 19026 | Orc:3    | Reached XP level 15. HP: 73/80 MP: 34/34
 19689 | Orc:4    | Entered Level 4 of the Orcish Mines
 19689 | Orc:4    | Found a staircase to the Elven Halls.
 20274 | Orc:4    | Found a roughly hewn altar of Beogh.
 20405 | Orc:4    | Reached skill level 5 in Armour
 20567 | Orc:4    | Reached skill level 10 in Fighting
 20594 | Orc:4    | Found Opnupniv's Antique Weapon Shoppe.
 20596 | Orc:4    | Found Ysouheam's Gadget Boutique.
 20611 | Orc:4    | Found Kleg Niu's Book Shoppe.
 20612 | Orc:4    | Found Upting's Distillery.
 20631 | Orc:4    | Bought a potion of invisibility for 55 gold pieces
 20633 | Orc:4    | Bought a book of Hinderance for 260 gold pieces
 20639 | Orc:4    | Learned a level 4 spell: Petrify
 21250 | D:11     | Learned a level 3 spell: Passwall
 21256 | D:11     | Learned a level 5 spell: Lee's Rapid Deconstruction
 21868 | D:12     | Reached skill level 10 in Transmutations
 22806 | D:13     | Found a gate to the Vaults.
 22806 | D:13     | Noticed Rupert
 22806 | D:13     | Noticed Donald
 22933 | D:13     | Reached skill level 13 in Unarmed Combat
 22986 | D:13     | Killed Rupert
 23105 | D:13     | Killed Donald
 23170 | D:13     | Found a burning altar of Makhleb.
 23190 | D:13     | Found a glowing silver altar of Zin.
 23244 | D:13     | Upgraded the game from 0.15-a0-1029-ge69a1e2 to 0.15-a0-1119-g9b3a599
 23568 | D:13     | Reached skill level 10 in Dodging
 23590 | D:13     | Gained mutation: You are agile. (Dex +2) [mutagenic meat]
 23614 | D:13     | Found Ehiedien's Assorted Antiques.
 23743 | D:13     | Bought a smoking brass ring for 160 gold pieces
 23745 | D:13     | Identified the ring "Baow" {MR+ Str+2 Dex-4} (You bought it in a shop on level 13 of the Dungeon)
 23950 | D:14     | Reached XP level 16. HP: 59/86 MP: 35/35
 23979 | D:14     | Gained mutation: You are frail (-10% HP). [mutagenic meat]
 24055 | D:14     | Reached skill level 1 in Translocations
 24258 | D:14     | Reached skill level 1 in Earth Magic
 24647 | D:15     | Entered Level 15 of the Dungeon
 24647 | D:15     | Noticed Snorg
 24662 | D:15     | Killed Snorg
 24668 | D:15     | Found a white marble altar of Elyvilon.
 24668 | D:15     | Noticed Frances
 24681 | D:15     | Killed Frances
 24718 | D:15     | Found a labyrinth entrance.
 24726 | Lab      | Entered a labyrinth
 24890 | Lab      | Got a steaming scale mail
 24904 | Lab      | Identified the +8 scale mail of the Lute {Acc+4} (You took it off a minotaur in a labyrinth)
 25214 | D:15     | Found a staircase to the Depths.
 25588 | D:15     | Found a portal to a secret trove of treasure.
 25732 | Depths:1 | Entered Level 1 of the Depths
 25763 | Depths:1 | Reached skill level 10 in Shields
 25814 | Depths:1 | HP: 1/77 [deep troll (7)]
 25816 | Depths:1 | Mangled by a deep troll

Action                   |  1- 3 |  4- 6 |  7- 9 | 10-12 | 13-15 | 16-18 || total
-------------------------+-------+-------+-------+-------+-------+-------++-------
Melee: Unarmed           |   122 |   231 |   355 |   623 |  1408 |   193 ||  2932
 Cast: Beastly Appendage |       |    23 |    52 |    94 |   122 |    14 ||   305
       Blade Hands       |       |       |       |     3 |       |       ||     3
       Dragon Form       |       |       |       |       |     1 |       ||     1
Evoke: Wand              |       |       |     6 |    19 |     8 |     4 ||    37
  Use: Scroll            |       |     5 |     5 |    16 |     8 |     5 ||    39
       Potion            |       |       |     2 |     2 |       |       ||     4
 Stab: Sleeping          |       |       |     2 |     4 |    18 |     3 ||    27
       Distracted        |       |       |       |       |     2 |       ||     2
